← All builds
Suicide front / Legion / Quick factory / OBSERVED BUILD

Standard suicide front

Quick Bot Lab into Vehicle Plant to project force at middle early with Ballista, Satyr, Decurion and Lance, transitioning into Barrage artillery and an Advanced Metal Extractor as the game develops.

#rush #raid · 26 distinct matches · 14 players · 79% of Legion Suicide front games · team won 50% of 26 · Recently observed

HOW TO PLAY IT

Key timing: Legion Vehicle Plant by 1:01

  1. Take a single mex and rush the bot lab immediately.
  2. Finish the bot lab fast to start early Decurion or Ballista pushes.
  3. Get the vehicle plant up to widen unit options for the front.
  4. Contest the middle early and expect combat losses right away.
  5. Pick up T2 constructor once middle is stabilized to prep for T2 arrivals.

Phase by phase

TYPICAL OF ITS 26 GAMES
  1. 1
  2. 2
  3. 3
PLAY THE OPENING

Follow the example game's first 6:00 step by step: what to build now, what comes next, and where it goes. At 1× it keeps pace with your own game.

  1. 1

    Up to the Legion Bot Lab

    Economy
    • Metal Extractor1Mex
    Order
    1. Legion Bot LabLegion Bot Lab after 2 mexdone ~0:34, middle half 0:20–0:35

    By 0:17 in all: 1 mex

    The example game in this phase · 2 steps
    1. Mex ×2
    2. Legion Bot LabLegion Bot Labdone 0:35 · typical 0:34
  2. 2

    Legion Bot Lab to 5:00

    Economy
    • Metal Extractor5Mex
    • Wind Turbine7Wind
    Builders
    • Construction Turret1 Con turret
    • Legion Construction Bot3 Legion Construction Bot
    • Zagreus2 Zagreus
    Army
    • Pharos4 Pharos
    Other
    • Radar Tower1 Radar Tower

    Some games also: Ballista (42%) · Goblin (38%) · Satyr (38%) · Legion Construction Vehicle (35%) · Barrage (31%)

    By 5:00 in all: 6 mex · 8 wind · 1 con turret

    The example game in this phase · 45 steps
    1. ZagreusZagreus
    2. Solar
    3. KarkinosKarkinos
    4. PharosPharos
    5. ZagreusZagreus
    6. Legion Construction BotLegion Construction Bot
    7. Mex
    8. Legion Construction BotLegion Construction Bot
    9. Radar TowerRadar Tower
    10. Mex
    11. SatyrSatyr
    12. Mex
    13. PawnPawn
    14. SatyrSatyr
    15. Con turret
    16. SatyrSatyr
    17. PharosPharos
    18. SatyrSatyr ×2
    19. PharosPharos
    20. ZagreusZagreus
    21. Wind
    22. SatyrSatyr ×4
    23. Wind
    24. PharosPharos
    25. SatyrSatyr
    26. ZagreusZagreus
    27. Mex
    28. Con turret
    29. SatyrSatyr ×2
    30. PharosPharos
    31. Wind
    32. SatyrSatyr ×2
    33. PharosPharos ×2
    34. SatyrSatyr
    35. Wind
    36. ZagreusZagreus
    37. Mex
    38. Wind
    39. SatyrSatyr
    40. Mex
    41. SatyrSatyr
    42. Wind ×2
    43. PharosPharos
    44. SatyrSatyr
    45. Wind
  3. 3

    5:00 to 10:00

    Economy
    • Metal Extractor2Mex
    • Wind Turbine17Wind
    • Energy Storage1Energy storage
    Builders
    • Construction Turret3 Con turret

    Some games also: Zagreus (46%) · Radar Tower (42%) · converter (38%) · Ballista (38%) · Pharos (35%)

    By 10:00 in all: 8 mex · 25 wind · 1 energy storage · 4 con turret

    The example game in this phase · 46 steps
    1. Wind
    2. Con turret
    3. PharosPharos
    4. SatyrSatyr
    5. Dragon's TeethDragon's Teeth ×3
    6. SatyrSatyr
    7. Wind
    8. ZagreusZagreus
    9. PharosPharos
    10. Wind ×2
    11. Dragon's TeethDragon's Teeth
    12. SatyrSatyr
    13. Wind ×2
    14. SatyrSatyr
    15. Wind
    16. SatyrSatyr
    17. Wind
    18. SatyrSatyr ×2
    19. Wind
    20. ZagreusZagreus
    21. Wind
    22. SatyrSatyr
    23. Wind
    24. SatyrSatyr
    25. Wind
    26. SatyrSatyr ×3
    27. ZagreusZagreus
    28. SatyrSatyr ×5
    29. ZagreusZagreus
    30. Mex ×2
    31. Con turret
    32. Wind
    33. Radar TowerRadar Tower
    34. Con turret
    35. Wind ×24
    36. Energy storage
    37. GoblinGoblin ×15
    38. Radar TowerRadar Tower
    39. Con turret
    40. Wind ×7
    41. BeamerBeamer
    42. Wind ×20
    43. Legion Advanced Bot LabLegion Advanced Bot Labdone 13:54
    44. Wind ×5
    45. Advanced Construction BotT2 con bot
    46. Advanced Metal ExtractorT2 mex ×3done 14:46

Counts are medians over the build's games: half of them build more, half fewer. The example game is [crd]sisa's (43 OS, 10/09/2026); pick another.

Team trades

IN AT LEAST 30% OF ITS GAMES

You hand over

Nothing regular.

You get

  • Tidal Generator4 Tidal from Pondfirst at 0:11 · in 69% of games
  • Advanced Construction Bot1 T2 con bot from Geo or Techfirst at 7:31 · in 54% of games

How it plays out

Typical game of this build, running totals by minute

Metal produced

010k20k30k
0:005:0010:0015:00

metal

Enemy metal destroyed

05k10k
0:005:0010:0015:00

metal

Own metal lost

05k10k
0:005:0010:0015:00

metal

26 games.

Show as table
ByMetal produced: This buildEnemy metal destroyed: This buildOwn metal lost: This build
1:0024900
2:0087900
3:00204220360
4:003176484320
5:0042971154788
6:00526718041130
7:00619125412201
8:00749140053250
9:00877445374000
10:001049947444506
11:001232249825031
12:001458453036112
13:001742860647159
14:002039474937635
15:002406490817997
WHAT THE NUMBERS SAY

Suicide front trades heavily, destroying more enemy metal early than any other role shown but also losing the most, reflecting its all-in nature.

  • + Enemy metal destroyed hits 1253 by 5:00, far ahead of other roles at that mark.
  • + Metal produced by 5:00 reaches 4185, among the highest early figures.
  • − Own metal lost reaches 5320 by 10:00, the heaviest losses of any build shown.
  • − Team win rate is only 48%, despite the aggressive early trades.
THE EXAMPLE YOU ARE READING

[crd]sisa

43.5 OS · 10/09/2026

Open source match ↗

6 received units
138 metal received · 11163 energy received

Allied construction assistance is unknown. Timings are observations, not a promise of solo reproducibility.

Typical milestones

Legion Bot Lab0:34Middle 50%: 0:20–0:35 · n=17
Legion Vehicle Plant1:01Middle 50%: 0:36–6:33 · n=16
Advanced Metal Extractor8:45Middle 50%: 8:17–9:33 · n=13

Played most by

_X_8games of this build[crd]sisa4games of this build[Cookie]Maco2games of this buildyubiyubi2games of this buildBoozha1game of this build